 Dungeon Crawl Stone Soup version 0.30-a0-2-gf48d83f5e2 (webtiles) character file.

Game seed: 395374598749706400

1432 ytrimaz the Changer (level 8, 0/43 (48) HPs)
             Began as an Octopode Transmuter on Aug 20, 2022.
             Splashed by a jelly's acid (7 damage)
             ... on level 6 of the Dungeon.
             The game lasted 00:08:02 (7389 turns).

ytrimaz the Changer (Octopode Transmuter)           Turns: 7389, Time: 00:08:03

HP:   0/43 (48)     AC: -6    Str:  5 (8)  XL:     8   Next: 73%
MP:   9/12          EV: 20    Int: 20 (21) God:
Gold: 303           SH:  0    Dex: 17      Spells: 2/12 levels left

rFire   . . .      SeeInvis .      - Unarmed
rCold   . . .      Faith    .    (shield currently unavailable)
rNeg    . . .      Spirit   .    (helmet currently unavailable)
rPois   x          Reflect  .    (no amulet)
rElec   .          Harm     .    d - ring of willpower
rCorr   .          Rampage  .    (no ring)
Will    +....                    (no ring)
Stlth   ++........               (no ring)
HPRegen 0.14/turn                (no ring)
MPRegen 0.13/turn                (no ring)
                                 (no ring)
                                 (no ring)

@: spider-form, wereblooded, corroded, heavily drained
A: venomous fangs, almost no armour, (amphibious), 8 rings, tiny, (camouflage
1), (gelatinous body 1), (nimble swimmer 1), (tentacles), clever 1, noise
suppression
a: End Transformation


You were on level 6 of the Dungeon.
You were a venomous arachnid creature.
You visited 1 branch of the dungeon, and saw 6 of its levels.

You collected 303 gold pieces.

Inventory:

Missiles
 e - 2 throwing nets
Jewellery
 d - a ring of willpower (left front leg)
 k - a ring of fire
Wands
 a - a wand of polymorph (5)
 h - a wand of mindburst (10)
Scrolls
 b - 2 scrolls of teleportation
Potions
 i - 3 potions of mutation
 j - 2 potions of haste {unknown}
 l - a potion of attraction {unknown}
 n - a potion of cancellation {unknown}


   Skills:
 - Level 1.0 Fighting
 - Level 0.1 Throwing
 + Level 2.6 Dodging
 + Level 6.2 Unarmed Combat
 - Level 2.8 Spellcasting
 - Level 0.1 Translocations
 + Level 6.6 Transmutations
 - Level 4.0 Ice Magic
 - Level 4.0 Poison Magic


You had 2 spell levels left.
You knew the following spells:

 Your Spells              Type           Power      Damage    Failure   Level
a - Beastly Appendage     Tmut           58%        N/A       4%          1
b - Wereblood             Tmut           29%        N/A       6%          2
c - Spider Form           Tmut/Pois      24%        N/A       14%         3
d - Ice Form              Ice/Tmut       24%        N/A       34%         4

Your spell library contained the following spells:

 Spells                   Type           Power      Damage    Failure   Level
 Ignite Poison            Fire/Tmut/Pois 17%        N/A       24%         3
 Conjure Flame            Conj/Fire      2%         6-21      63%         3
 Sticky Flame             Conj/Fire      2%         2d3       93%         4
 Dispersal                Tloc           1%         N/A       100%        6
 Disjunction              Tloc           1%         N/A       100%        8


Dungeon Overview and Level Annotations

Branches:
Dungeon (6/15)
 Temple: D:4-7

Altars:
Cheibriados
Okawaru

Annotations:
D:4 1 runed translucent door, Kazon's ghost, amateur DgFi


Innate Abilities, Weirdness & Mutations

You are a venomous arachnid creature.
You have poisonous fangs.
You are tiny and dextrous.
Your spellcasting is less reliable in this form.
Your armour is entirely melded.
You are incapable of wielding weapons or throwing items.
You cannot wear most types of armour.
((You are amphibious.))
You can wear up to eight rings at the same time.
((Your skin changes colour to match your surroundings (Stealth+).))
((Your rubbery body absorbs attacks. (AC +1, EV +1)))
((You are camouflaged when in or above water. (Stealth+)))
((You have tentacles for arms and can constrict up to eight enemies at once.))
Your mind is acute. (Int +4, Str/Dex -1)
You passively dampen the noise of your surroundings.


Message History

Casting: Spider Form (dangerous; 14% risk of failure)
Confirm with . or Enter, or press ? or * to list all spells.
Your blood is infused with primal strength.
The orc barely misses you.
Unknown command.
You hit the orc.
The orc is poisoned.
The orc is severely wounded.
The orc closely misses you.
You hit the orc.
You feel a bit better.
You kill the orc!
You hit the orc.
The orc is poisoned.
The orc is severely wounded.
The orc hits you with a +0 club.
You barely miss the orc.
The orc is severely wounded.
You hiss as the wereblood boils in your veins!
You hit the orc.
The orc looks as sick as possible!
The orc is almost dead.
You feel a bit better.
You kill the orc!
You hit the jelly.
Your front legs burn!
The jelly is lightly wounded.
The jelly closely misses you.
You hit the jelly. The acid corrodes you!
Your front legs burn!
The jelly is lightly wounded.
The jelly hits you. The acid corrodes you!
You are splashed with acid!
Unknown command.
You bite the jelly!
Your front legs burn!
The jelly is severely wounded.
You hiss as the wereblood boils in your veins!
The jelly hits you.
You are splashed with acid!
* * * LOW HITPOINT WARNING * * *
You hit the jelly.
Your front legs burn!
* * * LOW HITPOINT WARNING * * *
The jelly is almost dead.
You hiss as the wereblood boils in your veins!
The jelly hits you.
* * * LOW HITPOINT WARNING * * *
You are splashed with acid!
You die...

...§§§.??.#........#
..O.§§...##........#
#.§.§.# #.#
###)###########)#
#.......)....).#
##..##########.# ##.# #.#
#.###### #J# ### #......#
#s# ..# ######.# #.# #.##
#.# ##.##
...#######.####..<#####
.........................
...############...#######
#.########.......##
#..........#######
############


You could see a jelly.

Vanquished Creatures
  Grinder (D:5)
  2 yaks (D:6)
  An ogre (D:6)
  A gnoll sergeant (D:5)
  3 necrophages
  A scorpion (D:5)
  A howler monkey (D:6)
  2 hounds
  A jelly (D:4)
  2 orc priests (D:5)
  2 iguanas
  An orc wizard (D:5)
  12 gnolls
  2 adders
  3 white imps
  2 ufetubi
  2 worms
  4 dart slugs (D:1)
  14 orcs
  4 bats
  10 endoplasms
  5 giant cockroaches
  10 hobgoblins
  11 jackals
  8 kobolds
  4 quokkas (D:2)
  6 ball pythons
  4 frilled lizards
  8 goblins
  4 rats
131 creatures vanquished.

Notes
Turn   | Place    | Note
-------+----------+-------------------------------------------
     0 | D:1      | ytrimaz the Octopode Transmuter began the quest for the
                  | Orb.
     0 | D:1      | Reached XP level 1. HP: 13/13 MP: 3/3
   237 | D:1      | Reached XP level 2. HP: 13/18 MP: 3/5
   682 | D:1      | Reached XP level 3. HP: 9/23 MP: 7/7
   974 | D:1      | Learned a level 2 spell: Wereblood
   978 | D:1      | Learned a level 3 spell: Spider Form
  1131 | D:1      | Reached skill level 1 in Poison Magic
  2261 | D:2      | Reached XP level 4. HP: 28/28 MP: 8/8
  2889 | D:3      | Found a faded altar of an unknown god.
  3174 | D:3      | Gained mutation: Your mind is acute. (Int +4, Str/Dex -1)
                  | [potion of mutation]
  3174 | D:3      | Gained mutation: You passively dampen the noise of your
                  | surroundings. [potion of mutation]
  3917 | D:4      | Noticed a necrophage
  3929 | D:4      | Killed a necrophage
  3930 | D:4      | Reached skill level 1 in Ice Magic
  3930 | D:4      | Reached XP level 5. HP: 22/33 MP: 6/9
  3971 | D:4      | Found an iron altar of Okawaru.
  4235 | D:4      | Found a snail-covered altar of Cheibriados.
  4362 | D:4      | Found a runed translucent door.
  4362 | D:4      | Noticed Kazon's ghost (amateur DgFi)
  4538 | D:4      | Reached XP level 6. HP: 17/38 MP: 7/10
  4741 | D:4      | Learned a level 4 spell: Ice Form
  5449 | D:5      | Entered Level 5 of the Dungeon
  5667 | D:5      | Reached XP level 7. HP: 35/43 MP: 6/11
  5831 | D:5      | Noticed Grinder
  5845 | D:5      | Killed Grinder
  6011 | D:5      | Reached skill level 5 in Transmutations
  6483 | D:5      | Reached XP level 8. HP: 22/48 MP: 8/12
  7023 | D:6      | Noticed a yak
  7024 | D:6      | Noticed a yak
  7024 | D:6      | Noticed a yak
  7024 | D:6      | Noticed a yak
  7047 | D:6      | Reached skill level 5 in Unarmed Combat
  7051 | D:6      | Killed a yak
  7069 | D:6      | Killed a yak
  7389 | D:6      | Splashed by a jelly's acid

Illustrated notes

Levels and vault maps discovered:
D:1:      scummos_arrival_checkerplants, layout_loops_ring
D:2:      layout_basic
D:3:      layout_basic, hellmonk_ecumenical_altar_arch_garden,
          kennysheep_generic_room_7
D:4:      layout_cave_pools, mainiacjoe_overflow_small_starburst,
          mainiacjoe_overflow_cross_hatched, hellmonk_ghost_happy_afterlife,
          chequers_serial_rivers_micro_e
D:5:      layout_loops_cross, uniq_grinder
D:6:      layout_loops_ring, minmay_temple_entry_grid, grunt_potential

Skill      XL: |  1  2  3  4  5  6  7  8 |
---------------+-------------------------+-----
Poison Magic   | 2 4 |  4.0
Ice Magic      | 1 3 4 |  4.0
Transmutations | 4 5 6 |  6.6
Unarmed Combat | 4 6 |  6.2
Fighting       | |  1.0
Throwing       | |  0.1
Dodging        | |  2.6
Spellcasting   | |  2.8
Translocations | |  0.1

Action                   |  1- 3 |  4- 6 |  7- 9 || total
-------------------------+-------+-------+-------++-------
Melee: Unarmed           |    82 |   167 |    92 ||   341
       Constrict         |    25 |    26 |     1 ||    52
       Tentacles         |    17 |    22 |     2 ||    41
       Kick              |    12 |    20 |       ||    32
       Punch             |     1 |     2 |       ||     3
 Cast: Beastly Appendage |    16 |    18 |       ||    34
       Spider Form       |     1 |     6 |     4 ||    11
       Ice Form          |       |     3 |     5 ||     8
       Wereblood         |       |     1 |     4 ||     5
 Abil: End Transformatio |       |       |     1 ||     1
Evoke: Wand              |       |       |     1 ||     1
  Use: Scroll            |     2 |     7 |     2 ||    11
       Potion            |       |     4 |     4 ||     8
 Stab: Sleeping          |     4 |     8 |       ||    12
Armor: Skin              |     1 |    35 |     8 ||    44
Dodge: Dodged            |    55 |   146 |    45 ||   246

Table legend: (Time is in decaauts)
 A = Elapsed time spent in this place.
 B = Non-inter-level travel time spent in this place.
 C = Inter-level travel time spent in this place.
 D = Time resting spent in this place.
 E = Time spent auto-exploring this place.
 F = Levels seen in this place.
 G = Mean time per level.
                   A        B        C        D        E       F      G
               +--------+--------+--------+--------+--------+-----+--------+
         Total |   7365 |   7270 |     95 |   1706 |   4543 |   6 | 1227.5 |
       Dungeon |   7365 |   7270 |     95 |   1706 |   4543 |   6 | 1227.5 |
               +--------+--------+--------+--------+--------+-----+--------+

Top non-repeatable levels by time:
     D:1: 1698 daAuts
     D:4: 1581 daAuts
     D:5: 1476 daAuts
     D:3: 1086 daAuts
     D:2: 1070 daAuts
     D:6: 453 daAuts
